 Dungeon Crawl Stone Soup version 0.28-a0-381-g937acc2988 (webtiles) character file.

Game seed: 815294830818969025

1164 SkeletonJelly the Carver (level 8, -4/93 HPs)
             Began as a Palentonga Chaos Knight on Sept 1, 2021.
             Was a Plaything of Xom.
             Slain by a hornet (5 damage)
             ... on level 7 of the Dungeon.
             The game lasted 00:12:14 (6990 turns).

SkeletonJelly the Carver (Palentonga Chaos Knight)  Turns: 6990, Time: 00:12:15

Health: -4/93      AC: 24    Str: 18    XL:     8   Next: 17%
Magic:  0/0        EV:  1    Int: 12    God:    Xom [..*...]
Gold:   257        SH:  7    Dex: 15    Spells: 7/7 levels left

rFire   . . .      SeeInvis +   a - +1 falchion (chaos)
rCold   . . .      Faith    .   s - +2 buckler
rNeg    + + +      Spirit   .   (armour currently unavailable)
rPois   +          Reflect  .   (helmet currently unavailable)
rElec   .          Harm     .   (cloak currently unavailable)
rCorr   +          Rampage  .   (gloves currently unavailable)
Will    +....      NoTele   +   (no barding)
Stlth   +.........              (no amulet)
HPRegen 0.25/turn               q - ring "Siriugal" {rCorr MP-9 Dex+5}
MPRegen 0.07/turn               g - ring of willpower

@: mighty, brilliant, lethally poisoned (-4 -> -5), tree-form, attractive
A: stationary, stasis, torment immunity, boosted hp, large, rugged brown scales
3, see invisible, (deformed body), (roll 1), (armoured tail), (reflexive curl)
a: Renounce Religion


You were on level 7 of the Dungeon.
You worshipped Xom.
You were a toy of Xom.
You were a tree.
You visited 1 branch of the dungeon, and saw 7 of its levels.

You collected 257 gold pieces.

Inventory:

Hand Weapons
 a - a +1 falchion of chaos (weapon)
Missiles
 u - 17 poisoned darts
Armour
 b - a +2 leather armour (melded)
 j - a +0 kite shield
 s - a +2 buckler (worn)
Jewellery
 d - a ring of protection from cold
 g - a ring of willpower (right branch)
 m - a ring of magical power
 q - the ring "Siriugal" (left branch) {rCorr MP-9 Dex+5}
   (You found it on level 5 of the Dungeon)

   [ring of resist corrosion]

   Dex:       It affects your dexterity (+5).
   MP:        It affects your magic capacity (-9).
   rCorr:     It protects you from acid and corrosion.
Wands
 o - a wand of iceblast (4)
 w - a wand of flame (23)
Scrolls
 e - 3 scrolls of noise {unknown}
 f - 11 scrolls of identify {unknown}
 i - a scroll of amnesia {unknown}
 p - a scroll of teleportation {unknown}
 t - a scroll of fog {unknown}
 v - a scroll of vulnerability {unknown}
 x - a scroll of blinking {unknown}
 y - a scroll of silence {unknown}
Potions
 r - a potion of might
 z - a potion of lignification
 A - a potion of resistance {unknown}


   Skills:
 - Level 3.1 Fighting
 + Level 8.9 Long Blades
 - Level 1.6 Armour
 - Level 0.9 Dodging
 * Level 3.8 Shields


You had 7 spell levels left.
You didn't know any spells.
Your spell library contained the following spells:

 Spells                   Type           Power      Damage    Failure   Level
 Apportation              Tloc           0%         N/A       32%         1
 Magic Dart               Conj           0%         1d3       32%         1
 Searing Ray              Conj           0%         3d3       45%         2
 Slow                     Hex            0%         N/A       45%         2
 Sublimation of Blood     Necr           0%         N/A       45%         2
 Confusing Touch          Hex            0%         N/A       69%         3
 Vampiric Draining        Necr           0%         2d6       69%         3
 Fulminant Prism          Conj/Hex       0%         3d6       97%         4
 Petrify                  Tmut/Erth      0%         N/A       97%         4
 Alistair's Intoxication  Tmut/Pois      0%         N/A       100%        5
 Irradiate                Conj/Tmut      0%         3d13      100%        5
 Invisibility             Hex            0%         N/A       100%        6


Dungeon Overview and Level Annotations

Branches:
Dungeon (7/15)             Temple (0/1) D:5

Altars:
Ashenzari
Gozag
Kikubaaqudgha
Qazlal
Vehumet
Wu Jian
Zin


Innate Abilities, Weirdness & Mutations

You are a tree.
Your roots penetrate the ground, keeping you stationary.
You cannot be teleported.
You are immune to unholy pain and torment.
Your maximum health is greatly increased.
Your equipment is partially melded.
(You are completely covered in rugged brown scales. (AC +3, +7% HP))
You have supernaturally acute eyesight. (SInv)
((Armour fits poorly on your strangely shaped body.))
((You can roll at nearby foes to attack.))
((You have a long armoured tail.))
((You curl defensively after being hit.))


Message History

The hound is almost dead.
You block the hound's attack.
You closely miss the hound.
The hound is almost dead.
The hound bites you but does no damage.
You slash the hound!
You feel better.
You kill the hound!
You regained 2 hp, and now have 59/62 hp.
No target in view!
No target in view!
You now have 257 gold pieces (gained 16).
Key pressed, stopping explore.
A hornet and a white imp come into view.
The white imp shouts, "Return whence thou came, thou wayward dizzy-eyed nothing!"
The hornet buzzes angrily.
You hear a shout!
The white imp gestures at you. The puff of frost hits you.
You take 3 damage, and have 56/62 hp.
There are monsters nearby!
There are monsters nearby!
There are monsters nearby!
There are monsters nearby!
Okay, then.
It was a potion of heal wounds.
You feel much better.
Xom thinks this is hilarious!
The hornet stings you but does no damage.
The hornet stings you!
You feel yourself slow down.
You take 6 damage, and have 51/62 hp.
It was a potion of curing.
You feel better.
You feel yourself speed up. The hornet barely misses you.
The hornet stings you!
You feel yourself slow down.
You take 6 damage, and have 45/62 hp.
It was a potion of attraction.
You feel attractive to monsters. The hornet barely misses you.
The hornet stings you!
You are poisoned.
You suddenly lose the ability to move!
A white imp comes into view.
The white imp is attracted toward you.
You can move again.
You take 13 damage, and have 32/62 hp.
MASSIVE DAMAGE!!
It was a potion of might.
You feel very mighty all of a sudden.
You feel very sick. The hornet stings you.
You shrug off the repeated paralysis!
The hornet stings you!
* * * LOW HITPOINT WARNING * * *
You are lethally poisoned!
You feel as though you will be slow longer.
The hornet barely misses you.
You take 17 damage, and have 15/62 hp.
MASSIVE DAMAGE!!
You feel better. You block the hornet's attack. x2
You regained 6 hp, and now have 21/62 hp.
You completely miss the hornet. You block the hornet's attack.
The hornet stings you!
* * * LOW HITPOINT WARNING * * *
You feel as though you will be slow longer.
You take 9 damage, and have 12/62 hp.
You feel much better. The hornet stings you!
You are poisoned.
You suddenly lose the ability to move!
The hornet barely misses you.
You can move again.
You regained 13 hp, and now have 25/62 hp.
Okay, then.
You hit the hornet. You freeze the hornet.
The hornet is lightly wounded.
You feel very sick.
The hornet stings you but does no damage.
The hornet stings you!
* * * LOW HITPOINT WARNING * * *
You feel as though you will be slow longer.
You take 17 damage, and have 8/62 hp.
MASSIVE DAMAGE!!
It was a potion of lignification.
You turn into a tree.
Your +2 leather armour melds into your body.
Your roots penetrate the ground.
You feel sick.
The hornet stings you but does no damage.
The hornet stings you!
* * * LOW HITPOINT WARNING * * *
You suddenly lose the ability to move!
You can move again.
You now have 3/93 hp.
As you read the scroll labelled KOIVUQ XARYQI, it crumbles to dust.
It is a scroll of enchant weapon.
Your +0 falchion of chaos glows red for a moment.
* * * LOW HITPOINT WARNING * * *
You feel sick.
The hornet stings you but does no damage.
You block the hornet's attack.
The hornet stings you but does no damage.
It was a potion of brilliance.
You feel clever all of a sudden.
Xom roars with laughter!
You feel yourself speed up.
* * * LOW HITPOINT WARNING * * *
You feel sick.
The hornet stings you but does no damage.
The hornet stings you.
You die...
Xom roars with laughter!

#####.# ....#.# ###
### .._.#.# #.. ..###
....#.# #.#.##...##
...##.## #.#.#.....###
'###...# #.# .........
.#..#.## #.# .....#
##.....######.####...#
............#...♣y5#
##...........#######
##...>.####..#
.......###...##
####.#.##.....#
...##....##
...##.#..####
...........#
..##.#####.#


You could see a hornet and a white imp.

Vanquished Creatures
  3 ogres
  A bullfrog (D:6)
  2 scorpions
  A killer bee (D:7)
  An electric eel (D:6)
  A centaur zombie (D:7)
  3 hounds
  An orc priest (D:5)
  2 jellies
  3 orc wizards (D:4)
  A killer bee zombie (D:4)
  3 howler monkey skeletons
  5 adders
  2 white imps
  An ufetubus (D:5)
  An adder skeleton (D:4)
  A worm (D:2)
  4 dart slugs
  11 orcs
  3 bats
  3 bat skeletons (D:4)
  5 bat zombies (D:4)
  9 endoplasms
  6 giant cockroaches
  7 goblins
  5 hobgoblins
  4 jackals (D:3)
  6 kobolds
  3 quokkas
  3 ball pythons (D:1)
  3 frilled lizards
  3 rats (D:1)
107 creatures vanquished.

Vanquished Creatures (collateral kills)
  An ogre (D:6)
  A water moccasin skeleton (D:5)
2 creatures vanquished.

Grand Total: 109 creatures vanquished

Notes
Turn   | Place    | Note
-------+----------+-------------------------------------------
     0 | D:1      | SkeletonJelly the Palentonga Chaos Knight began the quest
                  | for the Orb.
     0 | D:1      | Reached XP level 1. HP: 19/19 MP: 1/1
    31 | D:1      | XOM: silly message
    63 | D:1      | XOM: silly message
   265 | D:1      | Reached XP level 2. HP: 25/25 MP: 2/2
   645 | D:1      | XOM: noise
   765 | D:1      | Reached skill level 4 in Long Blades
   777 | D:1      | Reached XP level 3. HP: 29/31 MP: 3/3
   833 | D:1      | XOM: 2-stop teleportation journey
  1213 | D:2      | Found a faded altar of an unknown god.
  1700 | D:3      | You fall into a shaft and drop 3 floors!
  1700 | D:6      | Found an ornate altar of the Wu Jian Council.
  1765 | D:6      | Reached XP level 4. HP: 35/37 MP: 4/4
  1787 | D:6      | XOM: blink monster(s)
  1794 | D:6      | XOM: cleaving
  1798 | D:6      | XOM: butterfly on damage
  1800 | D:6      | Reached skill level 5 in Long Blades
  2112 | D:6      | Noticed an ogre
  2115 | D:6      | XOM: butterfly on damage
  2119 | D:6      | XOM: divination: detect items
  2141 | D:6      | XOM: summons 4 friendly demons
  2150 | D:6      | Killed an ogre
  2151 | D:6      | Reached skill level 6 in Long Blades
  2151 | D:6      | Reached XP level 5. HP: 23/43 MP: 5/5
  2176 | D:6      | Found a radiant altar of Vehumet.
  2176 | D:6      | XOM: 1-stop teleportation journey
  2179 | D:6      | XOM: enchant monster (good)
  2181 | D:6      | Noticed an ogre
  2191 | D:6      | XOM: cast spell 'Alistair's Intoxication'
  2196 | D:6      | XOM: confuse monster(s)
  2213 | D:6      | XOM: cast spell 'Call Canine Familiar'
  2218 | D:6      | Reached XP level 6. HP: 38/50 MP: 6/6
  2222 | D:6      | Reached skill level 7 in Long Blades
  2488 | D:5      | Entered Level 5 of the Dungeon
  2491 | D:5      | Identified the ring "Siriugal" {rCorr MP-9 Dex+5}
  2582 | D:5      | XOM: silly message
  2628 | D:5      | XOM: 2-stop teleportation journey
  2758 | D:4      | Reached skill level 8 in Long Blades
  2758 | D:4      | Gained mutation: You curl defensively after being hit.
                  | [Palentonga growth]
  2758 | D:4      | Reached XP level 7. HP: 42/55 MP: 0/7
  2810 | D:4      | XOM: god gift: flail {god gift}
  2825 | D:4      | XOM: noise
  2868 | D:4      | XOM: god gift: 17 stones
  3044 | D:4      | Found a broken altar of Ashenzari.
  3097 | D:3      | XOM: cloud trail
  3339 | D:3      | You fall into a shaft and drop 2 floors!
  3346 | D:5      | XOM: enchant monster (good)
  3351 | D:5      | XOM: enchant monster (good)
  3387 | D:4      | XOM: torment (13/55 hp)
  3632 | D:3      | XOM: summons 4 hostile demons
  3649 | D:4      | XOM: enchant monster (good)
  3778 | D:3      | XOM: divination: magic mapping
  3853 | D:3      | Found a stormy altar of Qazlal.
  3946 | D:3      | Reached skill level 1 in Shields
  4510 | D:4      | XOM: divination: detect creatures
  4746 | D:4      | Found an ancient bone altar of Kikubaaqudgha.
  4906 | D:4      | XOM: god gift: 14 gold pieces
  5133 | D:4      | XOM: blink monster(s)
  5145 | D:4      | XOM: summons 1 hostile demon
  5146 | D:4      | Noticed an ice devil
  5152 | D:4      | XOM: noise
  5410 | D:5      | Noticed a two-headed ogre
  5415 | D:5      | XOM: butterfly on damage
  5782 | D:5      | Found a staircase to the Ecumenical Temple.
  6008 | D:5      | XOM: summons friendly ufetubus
  6019 | D:5      | Reached XP level 8. HP: 62/62 MP: 0/8
  6566 | D:7      | XOM: cloud trail
  6743 | D:7      | Found an opulent altar of Gozag.
  6743 | D:7      | Found a glowing silver altar of Zin.
  6977 | D:7      | Noticed a hornet
  6982 | D:7      | Paralysed by a hornet for 1 turns
  6986 | D:7      | Paralysed by a hornet for 1 turns
  6988 | D:7      | HP: 3/93 [hornet (7)]
  6988 | D:7      | Paralysed by a hornet for 1 turns
  6990 | D:7      | HP: 1/93 [poisoned by a hornet]
  6990 | D:7      | Slain by a hornet

Illustrated notes

Levels and vault maps discovered:
D:1:      matt_arrival_spirals, layout_basic, due_unseen_surprise
D:2:      layout_rooms, dreamdust_ecumenical_altar_angels_and_demons,
          minmay_misc_feat_rows
D:3:      layout_rooms, marbit_many_paths
D:4:      layout_basic, kennysheep_vampire_church, evilmike_ruin_ashenzari,
          grunt_ministairs_14, minmay_unequal
D:5:      layout_basic, minmay_temple_entry_purple_smoke
D:6:      layout_basic, mainiacjoe_overflow_concentric_impassable,
          mainiacjoe_overflow_tiny_flanked, fountainhead, minmay_misc_feat_alley
D:7:      layout_loops_cross, grunt_temple_overflow_gold_and_silver,
          general_overflow_altar, st_stairs_2, kennysheep_generic_room_4

Skill      XL: |  1  2  3  4  5  6  7 |
---------------+----------------------+-----
Long Blades    | 4 6 8 |  8.9
Shields        | 3 |  3.8
Fighting       | |  3.1
Armour         | |  1.6
Dodging        | |  0.9

Action                   |  1- 3 |  4- 6 |  7- 9 || total
-------------------------+-------+-------+-------++-------
Melee: Falchion          |   128 |    46 |   186 ||   360
       Tailslap          |     7 |     5 |    20 ||    32
Throw: Dart              |       |       |     4 ||     4
 Abil: Rolling Charge    |    26 |     5 |     7 ||    38
Evoke: Wand              |       |     2 |     3 ||     5
  Use: Potion            |       |       |     8 ||     8
       Scroll            |       |       |     1 ||     1
 Stab: Distracted        |       |       |     1 ||     1
       Paralysed         |       |       |     1 ||     1
       Sleeping          |       |       |     1 ||     1
Armor: Leather armour    |    55 |     8 |   101 ||   164
       Skin              |       |       |     4 ||     4
Dodge: Dodged            |    45 |    14 |    98 ||   157
Block: Buckler           |       |       |    78 ||    78

Table legend: (Time is in decaauts)
 A = Elapsed time spent in this place.
 B = Non-inter-level travel time spent in this place.
 C = Inter-level travel time spent in this place.
 D = Time resting spent in this place.
 E = Time spent auto-exploring this place.
 F = Levels seen in this place.
 G = Mean time per level.
                   A        B        C        D        E       F      G
               +--------+--------+--------+--------+--------+-----+--------+
         Total |   6997 |   6723 |    274 |      0 |   5728 |   7 |  999.6 |
       Dungeon |   6997 |   6723 |    274 |      0 |   5728 |   7 |  999.6 |
               +--------+--------+--------+--------+--------+-----+--------+

Top non-repeatable levels by time:
     D:4: 1919 daAuts
     D:6: 1193 daAuts
     D:1: 1143 daAuts
     D:3: 976 daAuts
     D:5: 740 daAuts
     D:2: 528 daAuts
     D:7: 495 daAuts
